 Dungeon Crawl Stone Soup version 0.28.0-49-g6dfe1f597d (webtiles) character file.

Game seed: 10622649457940198540

2 Exodus22XD the Sneak (level 1, -1/9 HPs)
             Began as a Spriggan Enchanter on May 15, 2022.
             Slain by a gnoll
             ... wielding a +0 whip
              (3 damage)
             ... on level 1 of the Dungeon.
             The game lasted 00:00:23 (393 turns).

Exodus22XD the Sneak (Spriggan Enchanter)            Turns: 393, Time: 00:00:23

Health: -1/9       AC:  2    Str:  4    XL:     1   Next: 33%
Magic:  5/5        EV: 17    Int: 16    God:
Gold:   10         SH:  0    Dex: 15    Spells: 5/5 levels left

rFire   . . .      SeeInvis +   a - +1 dagger
rCold   . . .      Faith    .   (no shield)
rNeg    . . .      Spirit   .   b - +0 robe
rPois   .          Reflect  .   (helmet restricted)
rElec   .          Harm     .   (no cloak)
rCorr   .          Rampage  .   (gloves unavailable)
Will    .....                   (boots unavailable)
Stlth   +++.......              (no amulet)
HPRegen 0.03/turn               (no ring)
MPRegen 0.09/turn               (no ring)

@: very quick
A: very small, no large weapons, unfitting armour, see invisible, speed 3
a: no special abilities


You were on level 1 of the Dungeon.
You visited 1 branch of the dungeon, and saw 1 of its levels.

You collected 10 gold pieces.

Inventory:

Hand Weapons
 a - a +1 dagger (weapon)
Armour
 b - a +0 robe (worn)
Jewellery
 e - a ring of magical power
Scrolls
 d - 2 scrolls of identify {unknown}
 f - a scroll of summoning {unknown}
Potions
 c - a potion of invisibility


   Skills:
 - Level 1.1 Short Blades
 - Level 2.6 Dodging
 + Level 4.7 Stealth
 - Level 2.6 Spellcasting
 - Level 3.6 Hexes


You had 5 spell levels left.
You didn't know any spells.
Your spell library contained the following spells:

 Spells                   Type           Power      Damage    Failure   Level
 Confusing Touch          Hex            13%        N/A       13%         3
 Tukima's Dance           Hex            13%        N/A       13%         3
 Ensorcelled Hibernation  Hex/Ice        14%        N/A       14%         2
 Summon Small Mammal      Summ           8%         N/A       19%         1
 Dazzling Flash           Conj/Hex       14%        N/A       28%         3
 Summon Guardian Golem    Hex/Summ       7%         N/A       28%         3
 Call Canine Familiar     Summ           2%         N/A       50%         3


Dungeon Overview and Level Annotations

Branches:
Dungeon (1/15)

Altars:


Innate Abilities, Weirdness & Mutations

You are very small and have problems with some larger weapons.
You are too small for most types of armour.
You have supernaturally acute eyesight. (SInv)
You cover ground extremely quickly. (Speed+++)


Message History

You hit the hobgoblin.
You kill the hobgoblin!
HP restored.
A goblin comes into view. It is wielding a +0 club.
A goblin is nearby!
Found 10 gold pieces and a ring mail.
The goblin shouts!
You hit the goblin.
The goblin is moderately wounded.
The goblin hits you but does no damage.
You barely miss the goblin.
The goblin is moderately wounded.
The goblin hits you with a +0 club.
You hit the goblin.
You kill the goblin!
You see here a +0 club.
You now have 10 gold pieces.
Found a stone staircase leading down.
d - 2 scrolls labelled YKOXOINA BUIPA (gained 1)
e - a ring of magical power You open the door.
There is an open door here.
You pick up a book of Callings and begin reading...
You add the spells Summon Small Mammal, Call Canine Familiar and Summon Guardian Golem to your library.
f - a scroll labelled AMATZU COMMAE
Okay, then.
Found 26 arrows.
No target in view!
A gnoll comes into view. It is wielding a +0 whip.
Found a short sword.
Found a stone staircase leading down.
You hit the gnoll but do no damage. The gnoll hits you with a +0 whip.
You completely miss the gnoll. The gnoll hits you with a +0 whip.
* * * LOW HITPOINT WARNING * * *
You hit the gnoll.
The gnoll is lightly wounded.
The gnoll misses you.
You hit the gnoll.
The gnoll is lightly wounded.
The gnoll hits you with a +0 whip.
You die...

.........##.###
.............#
.............#
.............#
#######......## .#
######..# # .#
....###.## .)# .#
.........#+##....#
.#
...(......@g......
.#
..................
.#
....####..........
.# ....
#...##..... .# ...
##..# ..... ## ##
#..# .... ######
...# ... ≈≈...#
♣♣#♣# ..># ...
.....#♣♣.'.#


You could see a gnoll.

Vanquished Creatures
  A goblin (D:1)
  A hobgoblin (D:1)
2 creatures vanquished.

Notes
Turn   | Place    | Note
-------+----------+-------------------------------------------
     0 | D:1      | Exodus22XD the Spriggan Enchanter began the quest for the
                  | Orb.
     0 | D:1      | Reached XP level 1. HP: 9/9 MP: 5/5
   393 | D:1      | Slain by a gnoll

Illustrated notes

Levels and vault maps discovered:
D:1:      scummos_arrival_gate, layout_basic

Action                   || total
-------------------------++-------
Melee: Dagger            ||    14
Armor: Robe              ||     1
Dodge: Dodged            ||     5
